 Dungeon Crawl Stone Soup version 0.21.1 (webtiles) character file.

2073 HEYYEYAAE the Digger (level 8, -2/66 HPs)
             Began as a Demigod Earth Elementalist on Feb 3, 2018.
             Killed by divine providence
             ... invoked by an orc priest
              (7 damage)
             ... on level 7 of the Dungeon.
             The game lasted 00:13:29 (7057 turns).

HEYYEYAAE the Digger (Demigod Earth Elementalist)   Turns: 7057, Time: 00:13:31

Health: -2/66      AC:  8    Str: 11    XL:     8   Next: 77%
Magic:  19/19      EV: 14    Int: 23    God:
Gold:   303        SH:  0    Dex: 16    Spells: 8/17 levels left

rFire    . . .     SeeInvis .   z - +2 spear (pierce)
rCold    . . .     Gourm    .   (no shield)
rNeg     . . .     Faith    .   c - +0 robe
rPois    .         Spirit   .   (no helmet)
rElec    .         Reflect  .   g - +1 cloak
rCorr    .         Harm     .   q - +0 pair of gloves
MR       .....                  a - +2 pair of boots
Stlth    ++........             (no amulet)
HPRegen  0.21/turn              (no ring)
MPRegen  0.16/turn              (no ring)

@: no status effects
A: high mp 1
a: no special abilities


You were on level 7 of the Dungeon.
You were not hungry.

You visited 2 branches of the dungeon, and saw 8 of its levels.

You collected 303 gold pieces.

Inventory:

Hand Weapons
 h - a +2 dagger of speed
 p - a +0 spear
 t - a +3 dagger of draining
 w - a +2 quarterstaff of chaos
 y - a +0 dagger of venom
 z - a +2 spear of piercing (weapon)
Missiles
 b - 89 stones (quivered)
Armour
 a - a +2 pair of boots (worn)
 c - a +0 robe (worn)
 g - a +1 cloak (worn)
 q - a +0 pair of gloves (worn)
Jewellery
 i - an uncursed ring of fire
Wands
 j - a wand of polymorph (24)
 l - a wand of iceblast (6)
Scrolls
 f - a scroll of enchant armour
 n - 2 scrolls of amnesia
 o - 4 scrolls of enchant weapon
 s - 4 scrolls of teleportation
 v - 2 scrolls of identify
 x - 2 scrolls of remove curse
Potions
 k - a potion of mutation {unknown}
 A - a potion of brilliance {unknown}
Books
 e - a book of Geomancy

   Spells                             Type                      Level
   a - Sandblast                      Earth                        1
   b - Passwall                       Transmutation/Earth          2
   c - Stone Arrow                    Conjuration/Earth            3
   d - Petrify                        Transmutation/Earth          4
   e - Lee's Rapid Deconstruction     Earth                        5
 r - a book of Necromancy

   Spells                             Type                      Level
   a - Pain                           Necromancy                   1
   b - Animate Skeleton               Necromancy                   1
   c - Vampiric Draining              Necromancy                   3
   d - Regeneration                   Charms/Necromancy            3
   e - Animate Dead                   Necromancy                   4
   f - Borgnjor's Vile Clutch         Necromancy/Earth             5
Comestibles
 d - 10 rations


   Skills:
 + Level 3.7 Fighting
 + Level 3.7 Armour
 + Level 4.1 Dodging
 - Level 1.7 Stealth
 * Level 5.4 Spellcasting
   Level 0.8 Transmutations
 * Level 6.2 Earth Magic
 + Level 2.4 Evocations


You had 8 spell levels left.
You knew the following spells:

 Your Spells              Type           Power        Failure   Level  Hunger
a - Sandblast             Erth           ####..       1%          1    None
b - Stone Arrow           Conj/Erth      ###...       8%          3    ##.....
c - Lee's Rapid Deconstr  Erth           ####......   19%         5    #####..


Dungeon Overview and Level Annotations

Branches:
Dungeon (7/15)             Temple (1/1) D:6

Shops:
D:4 :

Annotations:
D:6 1 runed door


Innate Abilities, Weirdness & Mutations

You have an increased reservoir of magic. (+10% MP)


Message History

You are too injured to fight recklessly!
Unknown command.
Okay, then.
Okay, then.
As you read the scroll labeled CAHIYX GAPPI, it crumbles to dust.
You feel aware of your surroundings.
It was a scroll of magic mapping.
The orc priest hits you with a falchion!
The ice beast hits you.
* * * LOW HITPOINT WARNING * * *
The ice beast freezes you!
* * * LOW HITPOINT WARNING * * *
The orc priest misses you.
As you read the scroll labeled TISCHUO UQUEKK, it crumbles to dust.
The creatures around you are filled with an inner flame!
It was a scroll of immolation.
The orc priest hits you but does no damage.
The ice beast hits you but does no damage.
The orc priest invokes the aid of Beogh against you.
Beogh smites you!
You die...

**** ,,,* ,,,* *#### ,,,* ##...##
,,,* ##.....## ,,,* #@Y.....#
,,,* ***#oo.....#******
,,,**********,,so5.......,,,,* *
,,,,,,,,,,,,,,#.o.....###*,*** *
,,,,,,,,****,,.........# *,* ****
,,,,,,,,,,,,,###.......# *,***,,,
****,,,,,,,,,,,........#**,*,,,**
*,,,,*,,,,,,......<..,,,,,**,,
**,,,,*,,,,,,,,*,,,,,**,,,,,,,*


You could see an ice beast (inner flame), 2 orc priests, a crimson imp (inner
flame), 2 orcs and a giant cockroach (inner flame).

Vanquished Creatures
  Menkaure (D:5)
  The ghost of Arthanis the Firebug, an amateur DEFE (D:4)
  A swamp drake (D:6)
  An ice beast (D:6)
  2 sky beasts (D:6)
  A phantom (D:5)
  2 centaurs
  2 ogres
  Dowan (D:6)
  A water moccasin zombie (D:6)
  2 howler monkeys (D:7)
  3 crimson imps
  4 jellies
  Crazy Yiuf (D:4)
  A gnoll shaman (D:4)
  3 orc priests (D:5)
  A hound (D:5)
  2 orc wizards
  5 worker ants
  A hound zombie (D:5)
  2 hound skeletons (D:6)
  11 gnolls
  4 adders
  An ooze (D:5)
  2 adder skeletons (D:6)
  3 worms
  2 dart slugs
  3 leopard geckos
  17 orcs
  6 giant cockroaches
  8 goblins
  6 hobgoblins
  8 kobolds
  A quokka (D:4)
  9 bats
  9 frilled lizards
  A giant cockroach zombie (D:5)
  A jackal skeleton (D:4)
  A leopard gecko skeleton (D:6)
  7 rats
138 creatures vanquished.

Vanquished Creatures (others)
  A hobgoblin (D:3)
1 creature vanquished.

Grand Total: 139 creatures vanquished

Notes
Turn   | Place    | Note
-------+----------+-------------------------------------------
     0 | D:1      | HEYYEYAAE the Demigod Earth Elementalist began the quest for the Orb.
     0 | D:1      | Reached XP level 1. HP: 14/14 MP: 5/5
   562 | D:1      | Reached XP level 2. HP: 22/22 MP: 5/7
   860 | D:2      | Found a faded altar of an unknown god.
  1017 | D:2      | Reached skill level 3 in Earth Magic
  1020 | D:2      | Reached XP level 3. HP: 23/27 MP: 3/9
  1213 | D:2      | Reached skill level 1 in Fighting
  1428 | D:2      | Reached skill level 1 in Armour
  1669 | D:3      | Reached XP level 4. HP: 35/35 MP: 10/10
  1814 | D:3      | Learned a level 3 spell: Stone Arrow
  1985 | D:3      | Noticed an ogre
  1991 | D:3      | Killed an ogre
  1991 | D:3      | Reached XP level 5. HP: 40/40 MP: 6/12
  2219 | D:3      | Found a white marble altar of Elyvilon.
  2791 | D:4      | Noticed Arthanis's ghost (amateur DEFE)
  2912 | D:4      | Found Lauwof's Book Emporium.
  2919 | D:5      | Entered Level 5 of the Dungeon
  2983 | D:5      | Noticed a phantom
  3001 | D:5      | HP: 2/41 [phantom (7)]
  3402 | D:5      | Killed a phantom
  3402 | D:5      | Reached skill level 4 in Earth Magic
  3402 | D:5      | Reached XP level 6. HP: 48/48 MP: 5/14
  3477 | D:5      | Noticed Menkaure
  3503 | D:5      | Killed Menkaure
  3635 | D:5      | Reached XP level 7. HP: 45/56 MP: 7/16
  4073 | D:6      | Noticed Duvessa
  4073 | D:6      | Noticed Dowan
  4198 | D:6      | Noticed Duvessa
  4198 | D:6      | Duvessa changed into Duvessa the swamp drake
  4202 | D:6      | Killed Duvessa the swamp drake
  4202 | D:6      | Reached skill level 5 in Earth Magic
  4223 | D:6      | Killed Dowan
  4436 | D:6      | Reached skill level 1 in Evocations
  4513 | D:6      | Found a staircase to the Ecumenical Temple.
  4549 | D:6      | Reached XP level 8. HP: 63/63 MP: 14/18
  4947 | D:6      | Reached skill level 5 in Spellcasting
  4992 | D:6      | Found a glowing silver altar of Zin.
  4993 | D:6      | Found a runed door.
  4993 | D:6      | Noticed an angel
  5433 | D:4      | Found a deep blue altar of Sif Muna.
  5434 | D:4      | Found an opulent altar of Gozag.
  5434 | D:4      | Found a glowing golden altar of the Shining One.
  5435 | D:4      | Found a blossoming altar of Fedhas.
  5488 | D:4      | Reached skill level 6 in Earth Magic
  5858 | D:4      | Killed Arthanis's ghost
  6038 | D:4      | Found a runed door.
  6095 | D:4      | Noticed Crazy Yiuf
  6097 | D:4      | Killed Crazy Yiuf
  6173 | D:4      | Learned a level 5 spell: Lee's Rapid Deconstruction
  7012 | Temple   | Entered the Ecumenical Temple
  7057 | D:7      | Killed from afar by an orc priest

Skill      XL: |  1  2  3  4  5  6  7  8 |
---------------+-------------------------+-----
Spellcasting   | 2 3 4 5 |  5.4
Earth Magic    | 3 4 5 6 |  6.2
Dodging        | 2 3 4 |  4.1
Fighting       | 1 2 3 |  3.7
Armour         | 1 2 3 |  3.7
Evocations     | 1 2 |  2.4
Stealth        | |  1.7
Transmutations | |  0.8

Action                   |  1- 3 |  4- 6 |  7- 9 || total
-------------------------+-------+-------+-------++-------
Melee: Unarmed           |    25 |       |       ||    25
       Spear             |    50 |   101 |    91 ||   242
 Cast: Sandblast         |    36 |    57 |    86 ||   179
       Stone Arrow       |       |     7 |    15 ||    22
       Lee's Rapid Decon |       |       |    22 ||    22
Evoke: Wand              |       |       |     6 ||     6
  Use: Scroll            |       |     6 |     4 ||    10
       Potion            |       |     4 |     2 ||     6
 Stab: Sleeping          |     6 |     7 |     6 ||    19
  Eat: Chunk             |     2 |     8 |     7 ||    17
       Ration            |       |       |     4 ||     4
Armor: Robe              |    31 |    41 |    36 ||   108
Dodge: Dodged            |    71 |    80 |    93 ||   244
